 Dungeon Crawl Stone Soup version 0.17-a0-1174-ge06b3cc (webtiles) character file.

10024 onwiheg the Arsonist (level 11, -29/74 HPs)
             Began as a Demigod Fire Elementalist on May 29, 2015.
             Annihilated by an orc warlord
             ... wielding a +0 bardiche
              (38 damage)
             ... in a bailey.
             The game lasted 01:04:32 (15026 turns).

onwiheg the Arsonist (Demigod Fire Elementalist)   Turns: 15026, Time: 01:04:33

Health: -29/74     AC:  7    Str: 11    XL:     11   Next: 9%
Magic:  3/24       EV: 12    Int: 25    God:
Gold:   761        SH:  0    Dex: 16    Spells: 4 memorised, 9 levels left

rFire  + . .     SeeInvis +     Q - staff of energy
rCold  x . .     Clarity  .     a - +0 robe
rNeg   . . .     SustAt   +     (no shield)
rPois  .         Gourm    .     Y - +2 hat
rElec  .         Spirit   .     z - +0 cloak
rCorr  +         Warding  .     d - +0 pair of gloves
rMut   .         Stasis   .     f - +0 pair of boots
MR     +....                    F - amulet of resist corrosion
Stlth  ++........               Z - ring of see invisible
                                r - ring of fire

@: somewhat resistant to hostile enchantments, unstealthy
A: high mp 1, sustain attributes
a: no special abilities


You were in a bailey.
You were not hungry.

You visited 2 branches of the dungeon, and saw 11 of its levels.
You also visited: Bailey.

You collected 822 gold pieces.
You spent 61 gold pieces at shops.

Inventory:

Hand weapons
 u - a +3 quarterstaff of chaos
Missiles
 A - 8 javelins of penetration (quivered)
Armour
 a - a +0 robe (worn)
 d - a +0 pair of gloves (worn)
 f - a +0 pair of boots (worn)
 k - a +0 buckler
 z - a +0 cloak (worn)
 Y - a +2 hat (worn)
Magical staves
 Q - an uncursed staff of energy (weapon)
Jewellery
 r - a ring of fire (left hand)
 F - an amulet of resist corrosion (around neck)
 Z - a ring of see invisible (right hand)
Magical devices
 K - a wand of random effects (22)
 L - a wand of teleportation (5)
 N - a wand of fire (0)
 V - a wand of confusion (33)
Scrolls
 e - a scroll of identify
 g - 6 scrolls of teleportation
Potions
 h - a potion of haste
 i - 8 potions of curing
 q - 4 potions of resistance
 x - 6 potions of heal wounds
 T - a potion of invisibility
Comestibles
 b - a chunk of flesh
 c - 6 bread rations
 D - 4 fruits
 R - 5 meat rations
 X - 2 beef jerkies


   Skills:
 - Level 1.7 Dodging
 - Level 1.7 Stealth
 - Level 6.1 Spellcasting
 - Level 10.0 Conjurations
 + Level 11.6 Fire Magic


You had 9 spell levels left.
You knew the following spells:

 Your Spells              Type           Power        Failure   Level  Hunger
a - Flame Tongue          Conj/Fire      #####        1%          1    None
b - Conjure Flame         Conj/Fire      #######.     1%          3    None
c - Sticky Flame          Conj/Fire      #######.     1%          4    None
d - Fireball              Conj/Fire      #######...   2%          5    None


Dungeon Overview and Level Annotations

Branches:
Dungeon (10/15)            Temple (0/1) D:4            Lair (1/8) D:9
    Orc: D:9-12

Shops:
D:5 *   D:6 *   D:8 =

Annotations:
D:5 Bull's ghost, average MiFi


Innate Abilities, Weirdness & Mutations

You have an increased reservoir of magic (+10% MP).
Your attributes are resistant to harm.


Message History

The orc warlord is engulfed in roaring flames.
There is an open door here.
Casting: Fireball
Confirm with . or Enter, or press ? or * to list all spells.
Aiming: Conjure Flame
Press: ? - help, Dir - move target cursor, p - orc warlord You feel a surge of power!
The fire roars!
The orc warlord closely misses you.
Items here: )) [[ a war axe; a leather armour; a hand axe; a leather armour
Casting: Conjure Flame
Confirm with . or Enter, or press ? or * to list all spells.
Aiming: Fireball
Press: ? - help, Shift-Dir - straight line, f - orc warlord
Aim: an orc warlord, wielding a bardiche and wearing a chain mail (flame, heavily wounded)
You feel a surge of power!
The fireball explodes!
The fireball engulfs the orc warlord.
The orc warlord is severely wounded.
The orc warlord hits you from afar with a bardiche!!!
Ouch! That really hurt!
You die...

#.........# #..)......
##.........## ##...).....
#...))).....#######.....⌠....
##.)).)....##.....##.........
#......)..#.......#..)......
##.......##.......##)......#
#.......o.........))......#
##.....##........)##.....##
#######..@..⌠..)..#######
##.......).## #.))......#
##.......## #...)...#
##)))..## ♣♣##'''##♣
♣..).....♣♣ ♣♣.........♣


You could see an orc warlord.

Vanquished Creatures
  A hill giant (D:10)
  A cyclops (D:9)
  Joseph (D:7)
  A spiny frog (Lair:1)
  3 blink frogs (Lair:1)
  2 deep elf magi (D:9)
  The ghost of Bull the Covered, an average MiFi (D:5)
  4 yaks (D:9)
  2 hippogriffs
  3 wargs (D:9)
  2 porcupines (Lair:1)
  4 sky beasts
  4 ice beasts
  9 orc warriors
  A phantom (D:7)
  4 ogres
  5 centaurs
  2 crocodiles (Lair:1)
  7 big kobolds
  2 gnoll sergeants
  7 giant frogs
  5 scorpions
  12 wights
  7 hounds
  3 crimson imps
  2 giant frog zombies
  2 jellies
  Crazy Yiuf (D:5)
  A centaur skeleton (D:5)
  A giant frog skeleton (D:8)
  8 orc priests
  4 orc wizards
  2 iguanas
  7 sheep (Lair:1)
  5 worker ants
  A hound skeleton (D:5)
  2 worker ant zombies
  17 gnolls
  12 adders
  3 shadow imps
  6 oozes
  2 adder skeletons
  4 worms
  6 giant geckos
  58 orcs
  3 bat skeletons
  A bat zombie (D:6)
  25 hobgoblins
  56 kobolds
  5 quokkas
  3 ball pythons
  17 bats
  3 giant cockroaches
  2 giant newts
  33 goblins
  15 jackals
  A jackal skeleton (D:7)
  2 quokka skeletons
  18 rats
421 creatures vanquished.

Notes
Turn   | Place    | Note
--------------------------------------------------------------
     0 | D:1      | onwiheg the Demigod Fire Elementalist began the quest for the Orb.
     0 | D:1      | Reached XP level 1. HP: 14/14 MP: 5/5
     5 | D:1      | Reached skill level 1 in Conjurations
   166 | D:1      | Reached skill level 3 in Fire Magic
   196 | D:1      | Reached XP level 2. HP: 18/20 MP: 0/7
   998 | D:2      | Reached XP level 3. HP: 26/26 MP: 4/8
  1834 | D:2      | Found a burning altar of Makhleb.
  1836 | D:2      | Noticed a cacodemon
  2012 | D:3      | Found a white marble altar of Elyvilon.
  2185 | D:3      | Reached XP level 4. HP: 33/33 MP: 7/9
  2370 | D:3      | Reached skill level 4 in Fire Magic
  3193 | D:3      | Found a blossoming altar of Fedhas.
  3258 | D:4      | Reached XP level 5. HP: 38/38 MP: 4/10
  3336 | D:4      | Learned a level 3 spell: Conjure Flame
  3562 | D:4      | Found a sacrificial altar of Ru.
  3566 | D:4      | Found a radiant altar of Vehumet.
  3567 | D:4      | Found an iron altar of Okawaru.
  3797 | D:4      | Reached skill level 5 in Fire Magic
  3823 | D:4      | Reached XP level 6. HP: 21/45 MP: 0/11
  3967 | D:4      | Learned a level 4 spell: Sticky Flame
  4013 | D:4      | Found a staircase to the Ecumenical Temple.
  4103 | D:4      | Found a viscous altar of Jiyva.
  4445 | D:5      | Entered Level 5 of the Dungeon
  4515 | D:5      | Noticed Bull's ghost (average MiFi)
  4522 | D:5      | Killed Bull's ghost
  4585 | D:5      | Noticed Bull's ghost (average MiFi)
  5058 | D:5      | Reached XP level 7. HP: 50/50 MP: 6/12
  5145 | D:5      | Noticed Crazy Yiuf
  5149 | D:5      | Killed Crazy Yiuf
  5149 | D:5      | Reached skill level 5 in Conjurations
  5295 | D:5      | Found Wuv Onea's Serpentskin Sales.
  5315 | D:5      | Bought a potion of poison for 11 gold pieces
  5433 | D:5      | Reached skill level 6 in Fire Magic
  5639 | D:5      | Found a basalt altar of Yredelemnul.
  6164 | D:6      | Found Etowaph's Hallowed Reliquary.
  6165 | D:6      | Found a glowing golden altar of the Shining One.
  6165 | D:6      | Noticed an angel
  6169 | D:6      | Bought a potion of heal wounds for 50 gold pieces
  6694 | D:6      | Reached skill level 7 in Fire Magic
  6694 | D:6      | Reached XP level 8. HP: 37/57 MP: 1/13
  7492 | D:4      | Noticed a big kobold
  7505 | D:4      | Killed a big kobold
  7514 | D:4      | Noticed a big kobold
  7515 | D:4      | Noticed a big kobold
  7524 | D:4      | Killed a big kobold
  7544 | D:4      | Killed a big kobold
  7802 | D:4      | Noticed a big kobold
  7820 | D:4      | Killed a big kobold
  7889 | D:4      | Noticed a big kobold
  7904 | D:4      | Killed a big kobold
  7948 | D:4      | Noticed a big kobold
  7961 | D:4      | Killed a big kobold
  7961 | D:4      | Reached skill level 8 in Fire Magic
  8519 | D:7      | Reached XP level 9. HP: 56/62 MP: 9/16
  8526 | D:7      | Learned a level 5 spell: Fireball
  8553 | D:7      | Found a glowing golden altar of the Shining One.
  8900 | D:7      | Found a shattered altar of Ashenzari.
  9005 | D:7      | Noticed Joseph
  9015 | D:7      | Killed Joseph
  9015 | D:7      | Reached skill level 5 in Spellcasting
  9812 | D:8      | Got a translucent hand crossbow
  9816 | D:8      | Found Quehonee's Jewellery Boutique.
  9941 | D:8      | Reached skill level 9 in Fire Magic
 10089 | D:8      | Found a sparkling altar of Nemelex Xobeh.
 10674 | D:9      | Found a bloodstained altar of Trog.
 10813 | D:9      | Reached XP level 10. HP: 69/69 MP: 2/23
 11164 | D:9      | Found a staircase to the Lair.
 11497 | D:9      | Reached skill level 10 in Conjurations
 11837 | D:9      | Noticed a cyclops
 11848 | D:9      | Killed a cyclops
 12335 | Lair:1   | Entered Level 1 of the Lair of Beasts
 12405 | Lair:1   | Reached skill level 10 in Fire Magic
 13487 | D:10     | Entered Level 10 of the Dungeon
 13689 | D:10     | Noticed a hill giant
 13694 | D:10     | Killed a hill giant
 13694 | D:10     | Reached skill level 11 in Fire Magic
 13753 | D:10     | Found a flagged portal.
 13812 | Bailey   | Entered a bailey
 14070 | Bailey   | Reached XP level 11. HP: 74/74 MP: 19/24
 14839 | Bailey   | Noticed an orc warlord
 14840 | Bailey   | Noticed an orc knight
 15026 | Bailey   | Annihilated by an orc warlord

Vault maps used:
D:1:      dpeg_arrival_stonehenge_12_columns
D:2:      makhleb_altar_promises_db
D:3:      wad_lake_hut, fedhas_altar_4, elyvilon_altar_5, first_bread,
          minmay_statues_item, minmay_misc_feat_columns, grunt_ministairs_2,
          hangedman_decor_push, fountainhead
D:4:      minmay_goblin_kobold_castle, minitemple, temple_doors_d, jiyva_altar_1
D:5:      nicolae_overflow_hidden_temple, guppyfry_shop_venom,
          uniq_crazy_yiuf_cottage
D:6:      nicolae_good_shop
D:7:      lemuel_doored_altar, nicolae_overflow_crystal_walls, uniq_joseph
D:8:      kennysheep_mini_moat, serial_shops, nicolae_shop_crystal
D:9:      overflow_temple_1_default, erik_lair_orcish_takeover
D:10:     orc_0_dummy, enter_bailey_8
Lair:1:   serial_bayou_pond_e, grunt_megastairs_2
Bailey:   bailey_axe_minmay_hex_keep, bailey

Action                   |  1- 3 |  4- 6 |  7- 9 | 10-12 || total
-------------------------+-------+-------+-------+-------++-------
Melee: Unarmed           |     3 |       |       |       ||     3
       Dagger            |       |       |   256 |       ||   256
       Staff             |       |       |    34 |    11 ||    45
       Quarterstaff      |       |       |     5 |   108 ||   113
 Cast: Flame Tongue      |    95 |   133 |   212 |    99 ||   539
       Conjure Flame     |       |     3 |     4 |     3 ||    10
       Sticky Flame      |       |       |    32 |    45 ||    77
       Fireball          |       |       |     5 |    21 ||    26
Evoke: Wand              |       |       |       |     5 ||     5
  Use: Scroll            |       |       |       |    11 ||    11
 Stab: Sleeping          |       |       |     4 |       ||     4
       Distracted        |       |       |     1 |       ||     1
       Petrifying        |       |       |       |     2 ||     2
       Paralysed         |       |       |       |     2 ||     2
  Eat: Chunk             |     5 |    11 |    12 |    15 ||    43
       Meat ration       |       |       |     2 |       ||     2
